 Dungeon Crawl Stone Soup version 0.21.1-1-g345015f (webtiles) character file.

16533 infcreate the Severer (level 12, -1/162 HPs)
             Began as a Minotaur Fighter on May 12, 2018.
             Was an Elder of Trog.
             Succumbed to a spiny frog's poison
             ... on level 3 of the Lair of Beasts.
             The game lasted 00:57:23 (11509 turns).

infcreate the Severer (Minotaur Fighter)           Turns: 11509, Time: 00:57:24

Health: -1/162     AC:  3    Str: 31    XL:     12   Next: 10%
Magic:  11/11      EV:  8    Int:  5    God:    Trog [****..]
Gold:   752        SH: 19    Dex: 10    Spells: 11/11 levels left

rFire    + . .     SeeInvis .   n - +1 broad axe
rCold    x . .     Gourm    .   y - +0 large shield
rNeg     . . .     Faith    .   (no armour)
rPois    .         Spirit   .   (helmet restricted)
rElec    .         Reflect  .   (no cloak)
rCorr    .         Harm     .   s - +0 pair of gloves
MR       .....                  v - +0 pair of boots
Stlth    ..........             x - amulet of rage
HPRegen  0.37/turn              i - ring of fire
MPRegen  0.12/turn              (no ring)

@: berserking, lethally poisoned (-1 -> -27), very quick
A: retaliatory headbutt, horns 2
a: Berserk, Trog's Hand, Brothers in Arms, Burn Spellbooks, Renounce Religion,
Evoke Berserk Rage


You were on level 3 of the Lair of Beasts.
You worshipped Trog.
Trog was greatly pleased with you.
You were not hungry.

You visited 3 branches of the dungeon, and saw 13 of its levels.

You collected 752 gold pieces.

Inventory:

Hand Weapons
 n - a +1 broad axe (weapon)
Armour
 s - a +0 pair of gloves (worn)
 v - a +0 pair of boots (worn)
 w - a +1 plate armour
 y - a +0 large shield (worn)
Jewellery
 i - a ring of fire (left hand)
 x - an amulet of rage (around neck)
Scrolls
 a - a scroll of holy word
 b - 2 scrolls of remove curse
 e - 10 scrolls of teleportation
 g - 2 scrolls of blinking {unknown}
 h - a scroll of immolation
 j - 4 scrolls of identify
 m - a scroll of amnesia
 p - a scroll of magic mapping {unknown}
 r - a scroll of fear
 t - a scroll of enchant weapon
Potions
 c - 2 potions of invisibility {unknown}
 d - a potion of haste {unknown}
 k - 2 potions of ambrosia {unknown}
 l - a potion of agility
 o - a potion of berserk rage
 q - 2 potions of degeneration {unknown}
 u - 4 potions of curing {unknown}
 z - a potion of resistance {unknown}
 A - a potion of heal wounds
 C - 3 potions of brilliance {unknown}
Comestibles
 f - 15 rations


   Skills:
 + Level 10.6 Fighting
 + Level 15.0 Axes
 + Level 11.4 Armour
 + Level 10.8 Shields


You had 11 spell levels left.
You didn't know any spells.

Dungeon Overview and Level Annotations

Branches:
Dungeon (9/15)             Temple (1/1) D:5            Lair (3/6) D:9
  Swamp (0/4) Lair:2       Spider (0/4) Lair:2
    Orc: D:9-12

Altars:
Ashenzari
Cheibriados
Dithmenos
Elyvilon
Fedhas
Gozag
Hepliaklqana
Kikubaaqudgha
Makhleb
Nemelex Xobeh
Okawaru
Qazlal
Ru
Sif Muna
Trog
Uskayaw
Vehumet
Wu Jian
Xom
Yredelemnul
Zin
The Shining One


Innate Abilities, Weirdness & Mutations

You reflexively headbutt those who attack you in melee.
You have a pair of horns on your head.


Message History

* * * LOW HITPOINT WARNING * * *
You feel sick. The spiny frog stings you!
* * * LOW HITPOINT WARNING * * *
You are more poisoned.
The spiny frog poisons you!
You are too berserk!
You slash the spiny frog!
The spiny frog is moderately wounded.
* * * LOW HITPOINT WARNING * * *
You feel sick. You block the spiny frog's attack.
Unknown command.
You slice the spiny frog!!
You kill the spiny frog!
Trog accepts your kill.
Your Axes skill increases to level 15!
* * * LOW HITPOINT WARNING * * *
You feel sick.
You are too berserk!
There is a lethal amount of poison in your body!
You die...

.....###;..♣♣♣ ... #...♣
. ##..#♣ ##...# #..###
#..P# ##.## #..## #@#.#
#.### .##. ##.#
#.##.#..#####..#
###.##...#.#.#.#.######
.........##...........#
.........##...........##
.........#.............#
......................##


There were no monsters in sight!

Vanquished Creatures
  Harold (Lair:2)
  3 two-headed ogres
  An orb spider (Lair:2)
  2 oklob plants
  An elephant (D:9)
  A black mamba (Lair:2)
  A torpor snail (Lair:2)
  3 spiny frogs
  A rime drake (Lair:1)
  A komodo dragon (Lair:3)
  2 trolls (D:6)
  6 blink frogs
  Grinder (D:4)
  2 slime creatures (D:9)
  2 hippogriffs
  A spriggan (D:7)
  3 basilisks
  9 yaks (Lair:2)
  A steam dragon (D:9)
  2 hungry ghosts
  5 water moccasins
  4 porcupines
  3 sky beasts
  3 phantoms
  3 ogres
  2 black bears
  2 centaurs
  6 wolves (Lair:2)
  4 crocodiles
  8 bullfrogs
  A scorpion (D:5)
  4 wights (D:8)
  5 howler monkeys (D:8)
  An electric eel (Lair:2)
  3 centaur zombies
  3 crimson imps
  2 bullfrog zombies (D:5)
  2 jellies
  A hound (D:8)
  5 orc priests
  A bullfrog skeleton (D:7)
  2 iguanas
  11 worker ants
  8 orc wizards
  A hound skeleton (D:5)
  A hound zombie (D:8)
  3 worker ant zombies
  8 gnolls
  10 adders
  A shadow imp (D:9)
  2 oozes
  3 adder skeletons
  2 worms
  A dart slug (D:1)
  2 leopard geckos (D:2)
  36 orcs
  4 giant cockroaches
  5 goblins
  5 hobgoblins
  4 jackals
  2 kobolds (D:3)
  4 quokkas
  A ball python (D:4)
  4 bats
  5 frilled lizards
  A leopard gecko skeleton (D:5)
  A leopard gecko zombie (D:5)
  2 quokka skeletons
  6 rats
  A plant (Lair:3)
248 creatures vanquished.

Vanquished Creatures (others)
  A fungus (Lair:2)
  2 plants (Lair:1)
3 creatures vanquished.

Grand Total: 251 creatures vanquished

Notes
Turn   | Place    | Note
-------+----------+-------------------------------------------
     0 | D:1      | infcreate the Minotaur Fighter began the quest for the Orb.
     0 | D:1      | Reached XP level 1. HP: 19/19 MP: 0/0
   335 | D:1      | Reached XP level 2. HP: 26/27 MP: 1/1
   746 | D:2      | Noticed an ogre
   765 | D:2      | Killed an ogre
   765 | D:2      | Reached skill level 3 in Axes
   765 | D:2      | Reached XP level 3. HP: 34/34 MP: 2/2
   765 | D:2      | Reached XP level 4. HP: 41/41 MP: 3/3
  1132 | D:2      | Reached XP level 5. HP: 40/47 MP: 4/4
  1328 | D:3      | Reached skill level 4 in Axes
  1709 | D:3      | Reached skill level 5 in Armour
  1824 | D:3      | Reached XP level 6. HP: 33/55 MP: 5/5
  1964 | D:3      | Reached skill level 5 in Axes
  2307 | D:4      | Reached skill level 5 in Fighting
  2547 | D:4      | Noticed Grinder
  2547 | D:4      | Paralysed by Grinder for 2 turns
  2559 | D:4      | Paralysed by Grinder for 7 turns
  2567 | D:4      | Paralysed by Grinder for 7 turns
  2577 | D:4      | Paralysed by Grinder for 3 turns
  2582 | D:4      | Killed Grinder
  2582 | D:4      | Reached skill level 6 in Axes
  2582 | D:4      | Reached skill level 5 in Shields
  2582 | D:4      | Reached XP level 7. HP: 24/61 MP: 6/6
  3099 | D:4      | Found a hide-covered altar of Uskayaw.
  3201 | D:5      | Entered Level 5 of the Dungeon
  3388 | D:5      | Reached skill level 7 in Axes
  3453 | D:5      | Found a staircase to the Ecumenical Temple.
  3496 | Temple   | Entered the Ecumenical Temple
  3626 | Temple   | Became a worshipper of Trog the Wrathful
  3768 | D:5      | Reached XP level 8. HP: 64/70 MP: 7/7
  4014 | D:6      | Reached * piety under Trog
  4014 | D:6      | Reached skill level 8 in Axes
  4523 | D:6      | Noticed a troll
  4572 | D:5      | Reached skill level 9 in Axes
  4887 | D:6      | Killed a troll
  5114 | D:6      | Noticed a troll
  5128 | D:6      | Killed a troll
  5128 | D:6      | Reached XP level 9. HP: 71/79 MP: 8/8
  5425 | D:7      | Reached skill level 10 in Axes
  5497 | D:7      | Reached ** piety under Trog
  6158 | D:8      | Noticed a two-headed ogre
  6166 | D:8      | Killed a two-headed ogre
  6166 | D:8      | Reached skill level 11 in Axes
  6410 | D:8      | Reached XP level 10. HP: 86/88 MP: 9/9
  6935 | D:8      | Reached *** piety under Trog
  7032 | D:8      | Noticed a two-headed ogre
  7039 | D:8      | Killed a two-headed ogre
  7039 | D:8      | Reached skill level 12 in Axes
  7226 | D:8      | Found an ornate altar of the Wu Jian Council.
  7594 | D:9      | Noticed an elephant
  7611 | D:9      | Killed an enormous slime creature
  7612 | D:9      | Killed an elephant
  7612 | D:9      | Reached skill level 13 in Axes
  7970 | D:9      | Found a staircase to the Lair.
  7990 | D:9      | Reached skill level 10 in Armour
  8243 | D:9      | Noticed a two-headed ogre
  8251 | D:9      | Killed a two-headed ogre
  8251 | D:9      | Reached XP level 11. HP: 97/97 MP: 10/10
  8704 | Lair:1   | Entered Level 1 of the Lair of Beasts
  9118 | Lair:1   | Identified the Catalogue of Assistive Earth
  9155 | Lair:1   | Found a glowing golden altar of the Shining One.
  9962 | Lair:2   | Reached skill level 14 in Axes
  9975 | Lair:2   | Reached skill level 10 in Fighting
  9995 | Lair:2   | Noticed an orb spider
 10017 | Lair:2   | Found a hole to the Spider Nest.
 10033 | Lair:2   | Killed an orb spider
 10087 | Lair:2   | Found a staircase to the Swamp.
 10098 | Lair:2   | Noticed Harold
 10109 | Lair:2   | Killed Harold
 10109 | Lair:2   | Reached **** piety under Trog
 10109 | Lair:2   | Reached skill level 10 in Shields
 11076 | Lair:2   | Noticed an oklob plant
 11087 | Lair:2   | Killed an oklob plant
 11355 | Lair:3   | Noticed an oklob plant
 11357 | Lair:3   | Found a snail-covered altar of Cheibriados.
 11373 | Lair:3   | Killed an oklob plant
 11373 | Lair:3   | Reached XP level 12. HP: 75/107 MP: 11/11
 11376 | Lair:3   | Got a heavily runed copper ring
 11377 | Lair:3   | Identified the cursed ring "Poacs" {rF+ Int+6 Dex-3} (You found it on level 3 of the Lair of Beasts)
 11379 | Lair:3   | Got a jasper-encrusted ring mail
 11390 | Lair:3   | Identified the +4 ring mail of Starshine {Int+6 Slay-4} (You found it on level 3 of the Lair of Beasts)
 11506 | Lair:3   | HP: 4/162 [spiny frog (9)]
 11508 | Lair:3   | Reached skill level 15 in Axes
 11508 | Lair:3   | HP: 1/162 [poisoned by a spiny frog]
 11509 | Lair:3   | Succumbed to a spiny frog's poison

Skill      XL: |  1  2  3  4  5  6  7  8  9 10 11 12 |
---------------+-------------------------------------+-----
Armour         | 4 5 6 7 8 10 11 | 11.4
Fighting       | 4 5 6 7 8 9 10 | 10.6
Shields        | 4 5 7 8 9 10 | 10.8
Axes           | 3 4 6 7 9 11 13 14 15 | 15.0

Action                   |  1- 3 |  4- 6 |  7- 9 | 10-12 || total
-------------------------+-------+-------+-------+-------++-------
Melee: War axe           |    41 |   114 |   321 |    69 ||   545
       Headbutt          |     7 |    19 |    58 |    90 ||   174
       Broad axe         |       |       |       |   314 ||   314
Invok: Berserk           |       |       |     2 |     8 ||    10
       Burn Spellbooks   |       |       |       |     2 ||     2
  Use: Potion            |       |     3 |     1 |       ||     4
       Scroll            |       |       |     7 |     6 ||    13
  Eat: Chunk             |       |     2 |     7 |    13 ||    22
       Ration            |       |     1 |     3 |     4 ||     8
Armor: Scale mail        |    25 |       |       |       ||    25
       Chain mail        |       |    65 |   112 |       ||   177
       Plate armour      |       |       |    32 |   151 ||   183
Dodge: Dodged            |    18 |    22 |    57 |    62 ||   159
Block: Shield            |    17 |    55 |   147 |   104 ||   323
       Large shield      |       |       |       |   134 ||   134
